 Dungeon Crawl Stone Soup version bcrawl-1.15-1-g696c4cd9b6 (webtiles) character file.

Game seed: 5860381679053831519

186 Kairok the Covert (level 5, -1/31 HPs)
             Began as a Vine Stalker Rogue on Sept 23, 2019.
             Was a Follower of Uskayaw.
             Slain by a goblin
             ... wielding a +0 club
             ... led by Robin
              (3 damage)
             ... on level 3 of the Dungeon.
             The game lasted 00:03:40 (1428 turns).

Kairok the Covert (Vine Stalker Rogue)              Turns: 1428, Time: 00:03:40

Health: -1/31      AC:  8    Str: 13    XL:     5   Next: 65%
Magic:  0/7        EV:  9    Int: 16    God:    Uskayaw [*.....]
Gold:   166        SH:  0    Dex: 17    Spells: 4/4 levels left

rFire    . . .     SeeInvis .   k - -2 dagger (curse)
rCold    . . .     Gourm    .   (no shield)
rNeg     . . .     Faith    .   s - +0 scale mail
rPois    .         Spirit   +   p - +0 helmet
rElec    .         Reflect  .   n - scarf {Spirit}
rCorr    .         Harm     .   i - +0 pair of gloves
MR       .....                  (no boots)
Stlth    +++.......             (no amulet)
HPRegen  0.50/turn              (no ring)
MPRegen  0.10/turn              (no ring)

@: brilliant, very slightly contaminated, invisible
A: fangs 2, regeneration 1, no potion heal 3, rot immunity, strong jaws
a: Stomp, Renounce Religion


You were on level 3 of the Dungeon.
You worshipped Uskayaw.
Uskayaw was noncommittal.
You were not hungry.

You visited 1 branch of the dungeon, and saw 3 of its levels.

You collected 166 gold pieces.

Inventory:

Hand Weapons
 a - a +2 dagger
 b - a +0 blowgun
 k - a cursed -2 dagger (weapon)
Missiles
 e - 80 poisoned needles
Armour
 c - a +0 robe
 d - a +0 cloak
 i - a +0 pair of gloves (worn)
 j - a +0 leather armour
 n - a scarf of spirit shield (worn)
 o - a +0 ring mail
 p - a +0 helmet (worn)
 s - a +0 scale mail (worn)
Wands
 f - a wand of flame (3)
 g - a wand of enslavement (15)
Scrolls
 m - 2 scrolls of identify
Comestibles
 h - 6 rations {!d}
 r - 5 chunks of flesh


   Skills:
 + Level 2.4 Fighting
 + Level 2.6 Short Blades
 + Level 1.0 Armour
 + Level 0.4 Dodging
 + Level 8.1 Stealth
 + Level 2.1 Evocations


You had 4 spell levels left.
You didn't know any spells.
Your spell library was empty.

Dungeon Overview and Level Annotations

Branches:
Dungeon (3/12)

Altars:
Elyvilon
Uskayaw
Vehumet

Annotations:
D:3 Robin


Innate Abilities, Weirdness & Mutations

You have extremely sharp teeth.
Your natural rate of healing is unusually fast.
Potions cannot restore your health.
You are immune to rotting.
Your bites deal extra damage.


Message History

The goblins go into a battle-frenzy!
You hit the goblin but do no damage. The goblin hits you but does no damage.
The worm closely misses you. The goblin hits you but does no damage.
You hit the goblin.
You kill the goblin!
You closely miss the hobgoblin. The goblin barely misses you.
The hobgoblin closely misses you. x2; The worm closely misses you.
You barely miss the goblin. The goblin hits you but does no damage.
The hobgoblin barely misses you.
You closely miss the goblin. You bite the goblin.
The goblin is heavily wounded.
The hobgoblin misses you. The worm bites you!
* * * LOW HITPOINT WARNING * * *
The hobgoblin closely misses you.
You hit the goblin but do no damage. You bite the goblin.
The goblin is severely wounded.
The goblin hits you with a +0 club.
* * * LOW HITPOINT WARNING * * *
The hobgoblin closely misses you. The goblin hits you with a +0 club.
You die...

####....... #...>......
#. #.......... #..
#.......... #..
##.......... #..###
#........... >..#
#.......#### ####g#####
#.......# #..ggg@g.#
#.......# #....wgg.#
#.......#
#....gg..###.......####
#..............####....
#....############ #....
#.... #.... ...!..
####. .<....w #.
....... #.


You could see a worm, Robin, 2 hobgoblins and 6 goblins.

Vanquished Creatures
  An ogre (D:3)
  A gnoll (D:1)
  2 adders
  3 worms
  6 leopard geckos
  4 orcs (D:3)
  3 bats
  2 giant cockroaches
  5 goblins
  9 hobgoblins
  5 jackals
  4 kobolds
  A ball python (D:1)
  A frilled lizard (D:1)
  8 rats
55 creatures vanquished.

Notes
Turn   | Place    | Note
-------+----------+-------------------------------------------
     0 | D:1      | Kairok the Vine Stalker Rogue began the quest for the Orb.
     0 | D:1      | Reached XP level 1. HP: 12/12 MP: 3/3
    11 | D:1      | Reached skill level 6 in Stealth
    52 | D:1      | Reached XP level 2. HP: 17/17 MP: 4/4
   283 | D:1      | Reached XP level 3. HP: 21/21 MP: 5/5
   331 | D:1      | Reached skill level 7 in Stealth
   667 | D:2      | Found a radiant altar of Vehumet.
   974 | D:2      | Reached XP level 4. HP: 26/26 MP: 6/6
  1014 | D:2      | Found a white marble altar of Elyvilon.
  1207 | D:3      | Found a hide-covered altar of Uskayaw.
  1297 | D:3      | Noticed an ogre
  1318 | D:3      | Killed an ogre
  1318 | D:3      | Reached skill level 8 in Stealth
  1318 | D:3      | Reached XP level 5. HP: 31/31 MP: 7/7
  1348 | D:3      | Became a worshipper of Uskayaw the Reveler
  1398 | D:3      | Noticed Robin
  1410 | D:3      | Reached skill level 1 in Armour
  1412 | D:3      | Reached * piety under Uskayaw
  1428 | D:3      | Slain by a goblin

Skill      XL: |  1  2  3  4  5 |
---------------+----------------+-----
Stealth        | 6 7 8 |  8.1
Fighting       | 2 |  2.4
Short Blades   | 2 |  2.6
Evocations     | 2 |  2.1
Armour         | 1 |  1.0
Dodging        | |  0.4

Action                   |  1- 3 |  4- 6 || total
-------------------------+-------+-------++-------
Melee: Dagger            |    97 |   111 ||   208
       Bite              |    11 |    18 ||    29
Evoke: Wand              |     6 |     6 ||    12
  Use: Scroll            |     2 |     1 ||     3
       Potion            |       |     3 ||     3
 Stab: Sleeping          |    16 |     3 ||    19
       Distracted        |       |     1 ||     1
       Invisible         |       |     2 ||     2
  Eat: Chunk             |       |     2 ||     2
Armor: Robe              |    20 |       ||    20
       Ring mail         |     7 |     4 ||    11
       Leather armour    |     4 |       ||     4
       Scale mail        |       |    60 ||    60
Dodge: Dodged            |    45 |    81 ||   126
